 Dungeon Crawl Stone Soup version 0.24-a0-132-ge4b1dce (webtiles) character file.

Game seed: 17730731845051797929

40 JimmahDean the Cudgeler (level 3, -3/31 HPs)
             Began as a Hill Orc Abyssal Knight on Feb 28, 2019.
             Was a Believer of Lugonu.
             Slain by Crazy Yiuf
             ... wielding a +4 quarterstaff of chaos
              (8 damage)
             ... while paralysed by Crazy Yiuf
             ... on level 2 of the Dungeon.
             The game lasted 00:06:03 (902 turns).

JimmahDean the Cudgeler (Hill Orc Abyssal Knight)    Turns: 902, Time: 00:06:03

Health: -3/31      AC:  8    Str: 15    XL:     3   Next: 50%
Magic:  4/4        EV:  2    Int: 12    God:    Lugonu [**....]
Gold:   124        SH:  0    Dex: 10    Spells: 2/2 levels left

rFire    + . .     SeeInvis .   a - +1 whip (elec)
rCold    + . .     Gourm    .   (no shield)
rNeg     . . .     Faith    .   b - +0 chain mail
rPois    .         Spirit   .   (no helmet)
rElec    .         Reflect  .   k - scarf {rC+ rF+}
rCorr    .         Harm     .   (no gloves)
MR       .....                  (no boots)
Stlth    ..........             (no amulet)
HPRegen  0.10/turn              (no ring)
MPRegen  0.09/turn              (no ring)

@: confused, paralysed, lightly drained
A: no striking features
a: Depart the Abyss, Bend Space, Renounce Religion


You were on level 2 of the Dungeon.
You worshipped Lugonu.
Lugonu was pleased with you.
You were not hungry.

You visited 1 branch of the dungeon, and saw 2 of its levels.
You visited the Abyss 1 time.

You collected 124 gold pieces.

Inventory:

Hand Weapons
 a - a +1 whip of electrocution (weapon)
Armour
 b - a +0 chain mail (worn)
 k - a scarf of resistance (worn)
Scrolls
 d - 5 scrolls of teleportation {unknown}
 h - 2 scrolls of identify {unknown}
 i - a scroll of amnesia {unknown}
Potions
 f - a potion of lignification {unknown}
 g - a potion of might {unknown}
Comestibles
 c - 2 rations {@e1}
 j - 8 chunks of flesh


   Skills:
 - Level 3.6(3.3) Fighting
 + Level 4.2(3.9) Maces & Flails
 - Level 2.1(1.9) Armour
 - Level 0.7(0.4) Dodging
 - Level 2.4(2.1) Invocations


You had 2 spell levels left.
You didn't know any spells.
Your spell library was empty.

Dungeon Overview and Level Annotations

Branches:
Dungeon (2/15)

Altars:
Cheibriados

Annotations:
D:2 Crazy Yiuf


Message History

You take 6 damage, and have 19/31 hp.
You hit Crazy Yiuf but do no damage. Lightning courses through Crazy Yiuf!
Crazy Yiuf hits you with a +4 quarterstaff of chaos.
* * * LOW HITPOINT WARNING * * *
Crazy Yiuf burns you.
* * * LOW HITPOINT WARNING * * *
You take 6 damage, and have 13/31 hp.
You hit Crazy Yiuf but do no damage.
Crazy Yiuf grits, "Trifle!"
Crazy Yiuf hits you with a +4 quarterstaff of chaos.
* * * LOW HITPOINT WARNING * * *
You are confused.
You take 6 damage, and have 7/31 hp.
Okay, then.
You bump into the stone wall.
Crazy Yiuf hits you with a +4 quarterstaff of chaos.
* * * LOW HITPOINT WARNING * * *
You suddenly lose the ability to move!
Crazy Yiuf hits you with a +4 quarterstaff of chaos!
You die...

##### #..)# #...# ...
#g# ##@# #.## ##.#
#.## ##.## #...##
...... #....# ....#
#....# #
#...####....####.##...


You could see Crazy Yiuf.

Vanquished Creatures
  A dart slug (D:2)
  2 leopard geckos (D:1)
  6 bats
  4 goblins
  A hobgoblin (D:1)
  4 jackals (D:1)
  9 kobolds
  2 ball pythons
  2 frilled lizards
  A rat (D:1)
32 creatures vanquished.

Notes
Turn   | Place    | Note
-------+----------+-------------------------------------------
     0 | Abyss:1  | JimmahDean the Hill Orc Abyssal Knight began the quest for
                  | the Orb.
     0 | Abyss:1  | Reached XP level 1. HP: 19/19 MP: 2/2
    29 | D:1      | Escaped the Abyss
   225 | D:1      | Reached skill level 3 in Maces & Flails
   225 | D:1      | Reached XP level 2. HP: 26/26 MP: 3/3
   638 | D:1      | Reached XP level 3. HP: 31/31 MP: 4/4
   709 | D:2      | Found a snail-covered altar of Cheibriados.
   720 | D:2      | Reached ** piety under Lugonu
   720 | D:2      | Reached skill level 4 in Maces & Flails
   868 | D:2      | Found a runed translucent door.
   869 | D:2      | Noticed Crazy Yiuf
   900 | D:2      | Paralysed by Crazy Yiuf for 7 turns
   902 | D:2      | Slain by Crazy Yiuf

Levels and vault maps discovered:
D:1:      onia_arrival_pyramid, layout_rooms, minmay_pentomino_s2
D:2:      layout_rooms, kennysheep_slug_shrine, uniq_crazy_yiuf_cottage
Abyss:1

Skill      XL: |  1  2  3 |
---------------+----------+-----
Maces & Flails | 3 4 |  4.2
Fighting       | |  3.6
Armour         | |  2.1
Dodging        | |  0.7
Invocations    | |  2.4

Action                   || total
-------------------------++-------
Melee: Whip              ||    95
       Mace              ||     6
Armor: Chain mail        ||    63
       Leather armour    ||     1
       Ring mail         ||     1
Dodge: Dodged            ||    29

Table legend:
 A = Non-vault XP
 B = Vault XP
 C = Vault XP percentage of total XP
 D = Non-vault monster count
 E = Vault monster count
 F = Vault count percentage of total count
                 A         B        C        D         E       F
            +---------+---------+-------+---------+---------+-------
      Total |      52 |       6 |  10.3 |      30 |       2 |   6.2
            +---------+---------+-------+---------+---------+-------
        D:1 |      38 |       2 |   5.0 |      21 |       1 |   4.5
        D:2 |      14 |       4 |  22.2 |       9 |       1 |  10.0
            +---------+---------+-------+---------+---------+-------
